AoeStats
← 一剑扫秋风nelson

Nomad

504447175Analyzed
4v4 RM · 27d ago on Sep 5, 2026· 29m 11s· 8 players
Game mode
Random Map
Map size
231×231
Population
200
Speed
Normal
Resources
Standard
Victory
Conquest
Starting age
Dark Age
Ending age
Imperial Age
RankedLock teamsTeams togetherTeam positionsShared explorationLock speedFull tech treeHidden civsTurbo modeCheats
Victory
Defeat
🇨🇳 Mapuche · China
1852
+6
🇨🇳 Mongols · China
1724
+10
🇵🇰 Magyars · Pakistan
1704
+11
🇭🇰 Tupi · Hong Kong SAR China
1663
+13
🇬🇧 Slavs · United Kingdom
1691
-13
🇦🇷 Malians · Argentina
1592
-10
🇬🇧 Dravidians · United Kingdom
1564
-9
🇨🇳 Persians · China
1524
-8
清远华
13:03 Feudal Age
14:22 Town Watch
17:05 Castle Age
15:54 Double-Bit Axe
18:11 Bow Saw
18:07 Fletching
23:05 Horse Collar
26:08 Loom
一剑扫秋风nelson
8:47 Loom
13:21 Feudal Age
17:22 Castle Age
15:10 Double-Bit Axe
16:04 Gold Mining
16:07 Stone Mining
16:33 Horse Collar
22:09 Forging
24:58 Heavy Plow
Mubeen
6:35 Loom
16:41 Feudal Age
17:37 Double-Bit Axe
19:03 Fishing Lines
22:10 Castle Age
21:00 Fletching
T
11:53 Feudal Age
12:23 Double-Bit Axe
12:19 Fishing Lines
12:24 Fishing Lines
12:28 Fishing Lines
13:07 Loom
17:46 Fletching
20:36 Gold Mining
23:36 Castle Age
21:54 Stone Mining
22:51 Forging
24:12 Bodkin Arrow
24:29 Medium Warships
24:12 Gillnets
24:35 Bow Saw
28:02 Wheelbarrow
27:13 Town Watch
29:12 Hand Cart
darkwwww2015
13:57 Feudal Age
14:33 Double-Bit Axe
14:41 Gold Mining
18:18 Castle Age
17:21 Forging
17:52 Loom
19:15 Medium Warships
20:26 Wheelbarrow
19:39 Town Watch
20:05 Bow Saw
22:14 Pikeman
22:55 Squires
30:53 Imperial Age
28:17 Horse Collar
Bigcityboydn_™
12:57 Feudal Age
17:31 Castle Age
15:32 Double-Bit Axe
16:03 Fishing Lines
16:32 Gold Mining
16:44 Stone Mining
17:13 Town Watch
17:13 Loom
19:24 Forging
19:15 Scale Mail Armor
20:05 Bow Saw
19:35 Horse Collar
21:29 Fletching
23:40 Wheelbarrow
24:12 Heavy Plow
hoot
8:41 Loom
14:43 Feudal Age
15:00 Man-at-Arms
15:38 Double-Bit Axe
26:21 Castle Age
26:51 Scale Barding Armor
Torpedo
13:09 Feudal Age
14:19 Loom
14:20 Town Watch
16:27 Gold Mining
19:30 Castle Age
17:52 Double-Bit Axe
19:31 Fletching
20:14 Bodkin Arrow
Connection lost

Rejoining the realm…

Still unreachable

The connection could not be restored.

Session expired

The server has moved on; the page needs a fresh start.